 Dungeon Crawl Stone Soup version 0.31-a0-216-g22e908daa7 (webtiles) character file.

Game seed: 3001386164419726386

258 qw the Shooter (level 6, -1/37 HPs)
             Began as a Gargoyle Hexslinger on July 1, 2023.
             Slain by an iguana (9 damage)
             ... on level 4 of the Dungeon.
             The game lasted 00:01:14 (2894 turns).

qw the Shooter (Gargoyle Hexslinger)                Turns: 2894, Time: 00:01:15

Health: -1/37      AC:  9    Str: 11    XL:     6   Next: 16%
Magic:  7/7        EV: 10    Int: 14    God:
Gold:   151        SH:  0    Dex: 20    Spells: 6/7 levels left

rFire   . . .        Y - +2 sling
rCold   . . .        (no shield)
rNeg    + . .        a - +0 ring mail
rPois   inf          (no helmet)
rElec   +            (no cloak)
rCorr   .            (no gloves)
SInv    .            (no boots)
Will    .....        (no amulet)
Stlth   +            g - +6 ring of dexterity
HPRegen 0.26/turn    (no ring)
MPRegen 0.10/turn

%: no passive effects
@: about to teleport
A: sickness immunity, AC +4, negative energy resistance 1, electricity
resistance, torment resistance 1, petrification resistance
a: no special abilities


You were on level 4 of the Dungeon.
You visited 1 branch of the dungeon, and saw 4 of its levels.

You collected 151 gold pieces.


Innate Abilities, Weirdness & Mutations

You are immune to sickness and miasma.
Your stone body is resilient. (AC +4)
You are immune to poison.
You resist negative energy. (rN+)
You are resistant to electric shocks. (rElec)
You are resistant to unholy torment.
You are immune to petrification.


   Skills:
 - Level 3.0 Fighting
 + Level 5.4 Ranged Weapons
 - Level 1.4 Armour
 - Level 1.5 Dodging
 - Level 1.0 Spellcasting
 - Level 2.6 Hexes


You had 6 spell levels left.
You knew the following spells:

 Your Spells              Type           Power      Damage    Failure   Level
a - Slow                  Hex            32%        N/A       21%         1

Your spell library contained the following spells:

 Spells                   Type           Power      Damage    Failure   Level
 Inner Flame              Hex/Fire       4%         N/A       71%         3
 Portal Projectile        Hex/Tloc       8%         N/A       71%         3
 Cause Fear               Hex            4%         N/A       90%         4

Inventory:

Hand Weapons
 Y - a +2 sling (weapon)
Armour
 a - a +0 ring mail (worn)
 h - a +0 cloak
Jewellery
 d - a ring of see invisible
 g - a +6 ring of dexterity (left hand)
Scrolls
 c - 3 scrolls of fear {unknown}
 f - a scroll of fog {unknown}
 i - a scroll of identify
 j - a scroll of teleportation
 k - a scroll of vulnerability {unknown}
Potions
 b - a potion of haste
 e - a potion of might

Dungeon Overview and Level Annotations

Branches:
Dungeon (4/15)
 Temple: D:4-7

Altars:
Gozag
Nemelex Xobeh

Annotations:
D:4 1 runed translucent door, qw's ghost, amateur DEHu


Message History

You shoot a sling bullet. The sling bullet hits the hound!
The hound is almost dead.
The hound barely misses you. The iguana barely misses you. The hound bites you.
You shoot a sling bullet.
The sling bullet hits the hound but does no damage.
The hound is almost dead.
The hound barely misses you. The iguana bites you.
The hound bites you but does no damage.
You shoot a sling bullet.
The sling bullet barely misses the hound.
The hound bites you. The iguana barely misses you.
The hound bites you but does no damage. The iguana closely misses you.
You shoot a sling bullet. The sling bullet hits the hound.
You kill the hound!
The iguana bites you but does no damage.
You shoot a sling bullet.
The sling bullet hits the iguana but does no damage.
The iguana is moderately wounded.
The iguana closely misses you.
You shoot a sling bullet. The sling bullet hits the iguana.
The iguana is moderately wounded.
The iguana bites you but does no damage.
The iguana barely misses you.
You shoot a sling bullet.
The sling bullet barely misses the iguana.
The iguana barely misses you.
You shoot a sling bullet.
The sling bullet barely misses the iguana.
The iguana bites you!
You shoot a sling bullet.
The sling bullet barely misses the iguana.
The iguana bites you.
2893 ||| READING 2 scrolls of teleportation.
As you read the scroll of teleportation, it crumbles to dust.
You feel strangely unstable. The iguana barely misses you.
You shoot a sling bullet. The sling bullet hits the iguana.
The iguana is heavily wounded.
The iguana misses you. The iguana bites you!
You die...

.# ##.........# ...
.. ...........#
.###..###.........#
..... ...#.#......#
##.###............#
..........##..###.#
...<.(....##<.###.#
..........##......##
..........###..#@l.#
.............#..=%.#
%.........##....##.#
......####.......
..# ........
..####.......
.......... .
......... .........#
.. ...... ...>...###
##. ...# ......


You could see an iguana.

Vanquished Creatures
  A jelly (D:3)
  A hound (D:4)
  An iguana (D:3)
  An orc wizard (D:3)
  A gnoll (D:1)
  8 adders
  An ufetubus (D:4)
  3 orcs (D:3)
  4 bats
  3 endoplasms
  5 giant cockroaches
  9 goblins
  3 hobgoblins
  2 jackals (D:2)
  A quokka (D:1)
  8 ball pythons
  2 frilled lizards
  10 kobolds
  A rat (D:2)
65 creatures vanquished.

Notes
Turn   | Place    | Note
-------+----------+-------------------------------------------
     0 | D:1      | qw the Gargoyle Hexslinger began the quest for the Orb.
     0 | D:1      | Reached XP level 1. HP: 12/12 MP: 2/2
     0 | D:1      | 0 ||| qw: Version: 0.3-a-35-g05ef00e
     0 | D:1      | 0 ||| qw: Game counter: 7722
     0 | D:1      | 0 ||| qw: Melee chars always use a shield: true
     0 | D:1      | 0 ||| qw: God list: Okawaru
     0 | D:1      | 0 ||| qw: Allow faded altars: false
     0 | D:1      | 0 ||| qw: Do Orc after clearing Dungeon:15 true
     0 | D:1      | 0 ||| qw: Do second Lair branch before Depths: true
     0 | D:1      | 0 ||| qw: Lair rune preference: random
     0 | D:1      | 0 ||| qw: Goals: Normal
     0 | D:1      | 0 ||| PLANNING D:1-11
   137 | D:1      | Reached XP level 2. HP: 16/16 MP: 3/3
   230 | D:1      | Reached skill level 3 in Ranged Weapons
   261 | D:1      | Reached XP level 3. HP: 21/21 MP: 4/4
   827 | D:1      | 827 ||| UPGRADING to +6 ring of dexterity.
   828 | D:1      | 828 ||| READING 2 scrolls labelled OSERCH KAOTSIS.
   832 | D:1      | 832 ||| READING scroll labelled WEQEAL QOITU.
   833 | D:1      | 833 ||| READING 2 scrolls labelled REBRIM GUMAHA.
   834 | D:1      | 834 ||| READING scroll labelled XEDYK NOJOASU.
   835 | D:1      | 835 ||| DRINKING 2 silvery potions.
   836 | D:1      | 836 ||| DROPPING scroll of poison.
   837 | D:1      | 837 ||| DROPPING potion of brilliance.
  1007 | D:2      | Reached XP level 4. HP: 26/26 MP: 5/5
  1019 | D:2      | Reached skill level 4 in Ranged Weapons
  1340 | D:2      | 1340 ||| READING scroll labelled VUHIUC BORCH.
  1341 | D:2      | 1341 ||| READING scroll labelled VERGHI OXICOUJA.
  1442 | D:2      | 1442 ||| DRINKING 2 smoky purple potions.
  1443 | D:2      | 1443 ||| READING 2 scrolls of identify.
  1443 | D:2      | 1443 ||| IDENTIFYING red potion
  1444 | D:2      | 1444 ||| DROPPING potion of attraction.
  1797 | D:3      | Found a sparkling altar of Nemelex Xobeh.
  2091 | D:3      | 2091 ||| READING scroll labelled LUHANUCL POFOH.
  2092 | D:3      | 2092 ||| DRINKING 2 fizzy green potions.
  2093 | D:3      | 2093 ||| READING 3 scrolls of identify.
  2093 | D:3      | 2093 ||| IDENTIFYING fizzy orange potion
  2094 | D:3      | 2094 ||| READING 2 scrolls of identify.
  2094 | D:3      | 2094 ||| IDENTIFYING glowing inky potion
  2095 | D:3      | 2095 ||| DROPPING potion of invisibility.
  2127 | D:4      | 2127 ||| STAIRDANCE
  2127 | D:4      | HP: 6/26 [iguana (13)]
  2129 | D:3      | 2129 ||| READING 2 scrolls of teleportation.
  2129 | D:3      | HP: 2/26 [frozen (4)]
  2130 | D:3      | 2130 ||| DRINKING potion of heal wounds.
  2133 | D:3      | Reached XP level 5. HP: 20/30 MP: 6/6
  2198 | D:4      | 2198 ||| STAIRDANCE
  2204 | D:3      | HP: 6/30 [orc/+0 flail (5)]
  2205 | D:3      | 2205 ||| READING scroll of teleportation.
  2340 | D:3      | Reached skill level 5 in Ranged Weapons
  2342 | D:3      | 2342 ||| FLEEEEING.
  2417 | D:4      | 2417 ||| STAIRDANCE
  2427 | D:3      | 2427 ||| FLEEEEING.
  2433 | D:3      | 2433 ||| FLEEEEING.
  2438 | D:3      | 2438 ||| FLEEEEING.
  2439 | D:3      | 2439 ||| FLEEEEING.
  2440 | D:3      | 2440 ||| FLEEEEING.
  2441 | D:3      | 2441 ||| FLEEEEING.
  2442 | D:3      | 2442 ||| FLEEEEING.
  2443 | D:3      | 2443 ||| FLEEEEING.
  2444 | D:3      | 2444 ||| FLEEEEING.
  2445 | D:3      | 2445 ||| STAIRDANCE
  2476 | D:3      | 2476 ||| UPGRADING to +0 ring mail.
  2486 | D:3      | 2486 ||| DROPPING +0 robe.
  2493 | D:4      | 2493 ||| STAIRDANCE
  2514 | D:4      | 2514 ||| FLEEEEING.
  2516 | D:4      | 2516 ||| STAIRDANCE
  2518 | D:4      | 2518 ||| STAIRDANCE
  2522 | D:4      | 2522 ||| STAIRDANCE
  2534 | D:3      | Reached skill level 1 in Armour
  2673 | D:4      | Reached skill level 3 in Fighting
  2746 | D:4      | Found an opulent altar of Gozag.
  2760 | D:4      | Reached XP level 6. HP: 37/37 MP: 7/7
  2796 | D:4      | Found a runed translucent door.
  2796 | D:4      | Noticed qw's ghost (amateur DEHu)
  2796 | D:4      | Found the ring of the Octopus King
  2892 | D:4      | HP: 8/37 [iguana (4)]
  2893 | D:4      | 2893 ||| READING 2 scrolls of teleportation.
  2894 | D:4      | Slain by an iguana

Levels and vault maps discovered:
D:1:      lightli_arrival_statue_moat, layout_basic, nicolae_grassy_gnolls
D:2:      layout_rooms
D:3:      layout_basic, lemuel_tele_altar
D:4:      layout_rooms, grunt_gozag_statues, ebering_ghost_inner_flame

Skill      XL: |  1  2  3  4  5 |
---------------+----------------+-----
Ranged Weapons | 3 4 5 |  5.4
Fighting       | 2 3 |  3.0
Armour         | 1 |  1.4
Dodging        | |  1.5
Spellcasting   | |  1.0
Hexes          | |  2.6

Action                     |  1- 3 |  4- 6 || total
---------------------------+-------+-------++-------
   Fire: Sling             |    98 |   164 ||   262
    Use: Scroll            |     4 |     9 ||    13
         Potion            |     1 |     3 ||     4
 Armour: Robe              |     8 |    30 ||    38
         Ring mail         |       |    35 ||    35
  Dodge: Dodged            |    25 |   108 ||   133

Table legend:
 A = Non-vault XP
 B = Vault XP
 C = Vault XP percentage of total XP
 D = Non-vault monster count
 E = Vault monster count
 F = Vault count percentage of total count
                 A         B        C        D         E       F
            +---------+---------+-------+---------+---------+-------
      Total |     354 |      15 |   4.1 |      64 |       1 |   1.5
            +---------+---------+-------+---------+---------+-------
        D:1 |      29 |      15 |  34.1 |      17 |       1 |   5.6
        D:2 |      64 |       0 |   0.0 |      19 |       0 |   0.0
        D:3 |     171 |       0 |   0.0 |      15 |       0 |   0.0
        D:4 |      90 |       0 |   0.0 |      13 |       0 |   0.0
            +---------+---------+-------+---------+---------+-------
